 Dungeon Crawl Stone Soup version 0.28.0 (webtiles) character file.

Game seed: 8256629862544176118

16 Host24 the Bolt Thrower (level 2, -1/18 HPs)
             Began as a Kobold Hunter on Feb 20, 2022.
             Slain by a kobold (4 damage)
             ... on level 1 of the Dungeon.
             The game lasted 00:01:24 (774 turns).

Host24 the Bolt Thrower (Kobold Hunter)              Turns: 774, Time: 00:01:24

Health: -1/18      AC:  4    Str:  9    XL:     2   Next: 75%
Magic:  2/2        EV: 14    Int: 12    God:
Gold:   32         SH:  0    Dex: 15    Spells: 1/1 levels left

rFire   . . .      SeeInvis .   b - +0 short sword
rCold   . . .      Faith    .   (no shield)
rNeg    . . .      Spirit   .   c - +0 leather armour
rPois   .          Reflect  .   (no helmet)
rElec   .          Harm     .   (no cloak)
rCorr   .          Rampage  .   (no gloves)
Will    .....                   h - +0 pair of boots
Stlth   +++.......              (no amulet)
HPRegen 0.06/turn               (no ring)
MPRegen 0.08/turn               (no ring)

@: no status effects
A: small, no large weapons, nightstalker 3
a: no special abilities


You were on level 1 of the Dungeon.
You visited 1 branch of the dungeon, and saw 1 of its levels.

You collected 32 gold pieces.

Inventory:

Hand Weapons
 a - a +1 hand crossbow
 b - a +0 short sword (weapon)
Missiles
 d - 19 bolts
 e - 22 sling bullets
 g - 4 boomerangs (quivered)
 j - 37 stones
Armour
 c - a +0 leather armour (worn)
 h - a +0 pair of boots (worn)
Scrolls
 f - 2 scrolls of teleportation {unknown}
 i - a scroll of fear {unknown}


   Skills:
 + Level 2.8 Fighting
 - Level 5.3 Crossbows
 - Level 2.4 Dodging
 - Level 1.3 Stealth


You had one spell level left.
You didn't know any spells.
Your spell library was empty.

Dungeon Overview and Level Annotations

Branches:
Dungeon (1/15)

Altars:


Innate Abilities, Weirdness & Mutations

You are small and have problems with some larger weapons.
You are completely attuned to the shadows.


Message History

The helpless hobgoblin fails to defend itself.
You hit the hobgoblin.
The hobgoblin is heavily wounded.
The hobgoblin misses you.
You hit the hobgoblin.
The hobgoblin is severely wounded.
The hobgoblin barely misses you.
You hit the hobgoblin.
You kill the hobgoblin!
You see here a hobgoblin corpse.
A kobold comes into view. It is wielding a +0 short sword.
The kobold shouts!
A goblin comes into view. It is wielding a +0 club.
Found 17 gold pieces.
You see here 21 stones.
j - 37 stones (gained 21)
You barely miss the kobold.
The kobold hits you with a +0 short sword.
You hit the kobold.
The kobold is moderately wounded.
The kobold closely misses you. The goblin hits you with a +0 club.
You barely miss the kobold.
The kobold is moderately wounded.
The kobold hits you but does no damage. The goblin hits you but does no damage.
The kobold hits you with a +0 short sword.
* * * LOW HITPOINT WARNING * * *
You barely miss the kobold.
The kobold is moderately wounded.
The kobold hits you but does no damage.
You closely miss the kobold.
The kobold is moderately wounded.
The kobold hits you with a +0 short sword.
* * * LOW HITPOINT WARNING * * *
You closely miss the kobold.
The kobold is moderately wounded.
The kobold closely misses you.
You barely miss the kobold.
The kobold is moderately wounded.
The kobold hits you with a +0 short sword.
You die...

.......... #.†.
.......... ##.##
........... ###..#
............ ##...##
............##.......
...........##...#####
....g.....##....#
.##K##...#...###
#@##......##
#..##...#.##
#.#######.### ..
##...#### .#.
#).#....##
.###.#####..# .....#
##.### ####.### #....
##...... #####


You could see a goblin and a kobold.

Vanquished Creatures
  A ball python (D:1)
  2 bats (D:1)
  2 giant cockroaches (D:1)
  2 goblins (D:1)
  2 hobgoblins (D:1)
  4 kobolds (D:1)
  A frilled lizard (D:1)
14 creatures vanquished.

Vanquished Creatures (others)
  8 plants (D:1)
8 creatures vanquished.

Grand Total: 22 creatures vanquished

Notes
Turn   | Place    | Note
-------+----------+-------------------------------------------
     0 | D:1      | Host24 the Kobold Hunter began the quest for the Orb.
     0 | D:1      | Reached XP level 1. HP: 12/12 MP: 1/1
    54 | D:1      | Reached skill level 5 in Crossbows
   186 | D:1      | Reached XP level 2. HP: 16/17 MP: 2/2
   708 | D:1      | Found a faded altar of an unknown god.
   774 | D:1      | Slain by a kobold

Illustrated notes

Levels and vault maps discovered:
D:1:      shiori_arrival_oz, layout_rooms, basic_ecumenical_altar,
          serial_bayou_lagoon_a, chequers_mini_garden

Skill      XL: |  1 |
---------------+----+-----
Crossbows      | 5 |  5.3
Fighting       | |  2.8
Dodging        | |  2.4
Stealth        | |  1.3

Action                   || total
-------------------------++-------
Melee: Short sword       ||    80
 Fire: Hand crossbow     ||     4
 Stab: Sleeping          ||     3
Armor: Leather armour    ||    24
Dodge: Dodged            ||    78
